 Dungeon Crawl Stone Soup version 0.29.1-1-gd02db69 (webtiles) character file.

Game seed: 21781172989569533

353 samcosmo the Sneak (level 6, -9/36 HPs)
             Began as a Kobold Enchanter on Mar 28, 2023.
             Mangled by a gnoll
             ... wielding the +7 halberd of Telling Destruction {venom, rF+ Dex+2}
              (18 damage)
             ... on level 3 of the Dungeon.
             The game lasted 00:11:36 (3833 turns).

samcosmo the Sneak (Kobold Enchanter)               Turns: 3833, Time: 00:11:36

Health: -9/36      AC:  4    Str:  6    XL:     6   Next: 94%
Magic:  11/11      EV: 15    Int: 18    God:
Gold:   142        SH:  0    Dex: 23    Spells: 1/12 levels left

rFire   . . .      SeeInvis .   m - +5 quarterstaff "Byruot" {flame, rC+ Will+ Int+2}
rCold   + . .      Faith    .   (shield currently unavailable)
rNeg    . . .      Spirit   .   b - +0 robe
rPois   .          Reflect  .   (no helmet)
rElec   .          Harm     .   (no cloak)
rCorr   .          Rampage  .   e - +0 pair of gloves
Will    +....                   n - +0 pair of boots
Stlth   +++++.....              o - amulet of magic regeneration
HPRegen 0.12/turn               h - +6 ring of dexterity
MPRegen 0.52/turn               (no ring)

@: lethally poisoned (-9 -> -19)
A: small, no large weapons, nightstalker 3
a: no special abilities


You were on level 3 of the Dungeon.
You visited 1 branch of the dungeon, and saw 3 of its levels.

You collected 142 gold pieces.

Inventory:

Hand Weapons
 a - a +1 dagger
 f - a +2 dagger of pain
 m - the +5 quarterstaff "Byruot" (weapon) {flame, rC+ Will+ Int+2}
   (You found it on level 2 of the Dungeon)

   It burns those it strikes, dealing additional fire damage.
   Int:       It affects your intelligence (+2).
   rC:        It protects you from cold.
   Will:      It increases your willpower.
Armour
 b - a +0 robe (worn)
 e - a +0 pair of gloves (worn)
 n - a +0 pair of boots (worn)
Jewellery
 h - a +6 ring of dexterity (left hand)
 o - an amulet of magic regeneration (around neck)
Scrolls
 d - a scroll of teleportation
Potions
 c - a potion of invisibility
 g - 2 potions of ambrosia {unknown}
 i - a potion of might {unknown}
 j - 2 potions of attraction
 k - 2 potions of cancellation {unknown}
 l - 2 potions of brilliance {unknown}


   Skills:
 + Level 2.8 Fighting
 - Level 2.0 Short Blades
 - Level 2.4 Dodging
 + Level 5.6 Stealth
 + Level 3.5 Spellcasting
 * Level 5.1 Hexes


You had one spell level left.
You knew the following spells:

 Your Spells              Type           Power      Damage    Failure   Level
a - Ensorcelled Hibernat  Hex/Ice        24%        N/A       9%          2
b - Confusing Touch       Hex            21%        N/A       6%          3
c - Tukima's Dance        Hex            21%        N/A       6%          3
d - Dazzling Flash        Conj/Hex       24%        N/A       16%         3

Your spell library contained the following spells:

 Spells                   Type           Power      Damage    Failure   Level
 Slow                     Hex            84%        N/A       1%          1
 Sublimation of Blood     Necr           3%         N/A       24%         2
 Vampiric Draining        Necr           3%         2d6       43%         3
 Petrify                  Tmut/Erth      3%         N/A       83%         4
 Irradiate                Conj/Tmut      1%         3d12      99%         5


Dungeon Overview and Level Annotations

Branches:
Dungeon (3/15)

Altars:

Annotations:
D:3 1 transporter, waxwing's ghost, weakling DgSu


Innate Abilities, Weirdness & Mutations

You are small and have problems with some larger weapons.
You are completely attuned to the shadows.


Message History

The gnoll bouda hits you with a +0 club!
Casting: Ensorcelled Hibernation (safe; 9% risk of failure)
Confirm with . or Enter, or press ? or * to list all spells.
Aiming: Ensorcelled Hibernation (safe; 9% risk of failure)
Press: ? - help, Shift-Dir - straight line, f/p - gnoll bouda
Aim: a gnoll bouda, wielding a +0 club and wearing a +0 robe (chance to affect: 45%)
The gnoll bouda looks drowsy...
The helpless gnoll bouda fails to defend itself.
You thump the gnoll bouda! You burn the gnoll bouda.
The gnoll bouda is heavily wounded.
The gnoll bouda barks out a call to the hunt!
You sock the gnoll bouda! You burn the gnoll bouda.
You kill the gnoll bouda!
The gnoll closely misses you.
Your Hexes skill increases to level 5!
The gnoll barely misses you.
You sock the gnoll! You burn the gnoll.
The gnoll is almost dead.
The gnoll barely misses you.
You hit the gnoll. You burn the gnoll.
You kill the gnoll!
The gnoll hits you with a +0 club. The gnoll hits you but does no damage.
The gnoll shouts!
You hit the gnoll. You burn the gnoll.
The gnoll is heavily wounded.
The gnoll hits you with a +0 club. The gnoll closely misses you.
You sock the gnoll! You burn the gnoll.
You kill the gnoll!
The gnoll barely misses you. The gnoll barely misses you.
The gnoll hits you from afar with the +7 halberd of Telling Destruction {venom, rF+ Dex+2}.
You are lethally poisoned!
You hit the gnoll. You burn the gnoll.
The gnoll is almost dead.
* * * LOW HITPOINT WARNING * * *
You feel very sick. The gnoll completely misses you.
The gnoll hits you from afar with the +7 halberd of Telling Destruction {venom, rF+ Dex+2}!!
Ouch! That really hurt!
You die...

# ##.≈≈#####...........#### #
#..≈≈#.#.#.###.©.###.#.#. #
##..≈≈#...###©#####g### .
########...≈≈###...........gg. #
...........≈≈.8#.######'######. 8
##.........≈≈.##.#.⌠.#g.8#W.g#.##
#.#####.#.~~.#..g....g©⌠# # #.#
#.#.≈≈.##g#.⌠.#g.8# # ##.#
#...≈≈.8#@######'######. 8 ...#
#.#.≈≈###......ggg..... #
...#####...≈≈#...###.#####g### .
##.........≈≈#.#.#.###.©.###.#.#g
......###..≈≈#####...........####
####### #..≈≈≈≈≈≈≈≈≈≈≈...≈≈≈≈≈≈≈≈
#..≈≈≈≈≈≈≈≈≈≈≈...≈≈≈≈≈≈≈≈
#........................
#########################


You could see 2 gnolls.

Vanquished Creatures
  Sigmund (D:3)
  Crazy Yiuf (D:3)
  A gnoll bouda (D:3)
  2 gnolls (D:3)
  6 adders
  A worm (D:3)
  3 dart slugs
  An orc (D:3)
  3 endoplasms
  2 giant cockroaches
  5 goblins
  5 hobgoblins
  4 jackals
  A quokka (D:3)
  2 ball pythons
  A bat (D:1)
  A frilled lizard (D:1)
  6 kobolds
  7 rats
53 creatures vanquished.

Vanquished Creatures (others)
  6 plants (D:3)
6 creatures vanquished.

Grand Total: 59 creatures vanquished

Notes
Turn   | Place    | Note
-------+----------+-------------------------------------------
     0 | D:1      | samcosmo the Kobold Enchanter began the quest for the Orb.
     0 | D:1      | Reached XP level 1. HP: 10/10 MP: 3/3
   247 | D:1      | Reached XP level 2. HP: 2/16 MP: 5/5
   529 | D:1      | Learned a level 2 spell: Ensorcelled Hibernation
  1112 | D:1      | Reached skill level 1 in Fighting
  1184 | D:2      | Reached XP level 3. HP: 20/20 MP: 6/6
  1186 | D:2      | Identified the +5 quarterstaff "Byruot" {flame, rC+ Will+
                  | Int+2}
  1343 | D:2      | Found a faded altar of an unknown god.
  1411 | D:2      | Reached XP level 4. HP: 22/25 MP: 7/7
  1460 | D:2      | Learned a level 3 spell: Confusing Touch
  1464 | D:2      | Learned a level 3 spell: Tukima's Dance
  2771 | D:3      | Reached XP level 5. HP: 30/30 MP: 9/9
  2817 | D:3      | Noticed Sigmund
  2825 | D:3      | Killed Sigmund
  2826 | D:3      | Reached skill level 5 in Stealth
  2826 | D:3      | Reached XP level 6. HP: 36/36 MP: 10/10
  3077 | D:3      | Found a transporter.
  3253 | D:3      | Found a runed translucent door.
  3256 | D:3      | Noticed Crazy Yiuf
  3490 | D:3      | Found a transporter.
  3495 | D:3      | Identified the +7 halberd of Telling Destruction {venom,
                  | rF+ Dex+2}
  3495 | D:3      | Identified the ring of Arahob {rF+ Int+6}
  3496 | D:3      | Noticed waxwing's ghost (weakling DgSu)
  3623 | D:3      | Killed Crazy Yiuf
  3751 | D:3      | Learned a level 3 spell: Dazzling Flash
  3825 | D:3      | Reached skill level 5 in Hexes
  3833 | D:3      | Mangled by a gnoll

Illustrated notes

Levels and vault maps discovered:
D:1:      dpeg_arrival_pits, layout_loops_ring, minmay_strange_pillars,
          kennysheep_pointless_box
D:2:      layout_loops_ring, chequers_ecumenical_altar_simple_redux,
          glass_columns_b, small_statue_intersection
D:3:      layout_loops_ring, gammafunk_ghost_gnarly_gnolls,
          nicolae_kite_square_tiling_tiny, uniq_sigmund, uniq_crazy_yiuf_cottage

Skill      XL: |  1  2  3  4  5  6 |
---------------+-------------------+-----
Fighting       | 1 2 |  2.8
Short Blades   | 2 |  2.0
Hexes          | 4 5 |  5.1
Stealth        | 5 |  5.6
Spellcasting   | 3 |  3.5
Dodging        | |  2.4

Action                   |  1- 3 |  4- 6 || total
-------------------------+-------+-------++-------
Melee: Dagger            |    42 |       ||    42
       Quarterstaff      |    13 |    76 ||    89
 Cast: Ensorcelled Hiber |       |     3 ||     3
  Use: Potion            |     1 |       ||     1
       Scroll            |       |     5 ||     5
 Stab: Sleeping          |    10 |    15 ||    25
       Invisible         |     2 |       ||     2
Armor: Robe              |     3 |    19 ||    22
Dodge: Dodged            |    39 |    57 ||    96
